 Dungeon Crawl Stone Soup version 0.21-a0-265-gb353147 (console) character file.

58 removed the Conjurer (level 3, 0/26 HPs)
             Began as a Demigod Venom Mage on Sept 10, 2017.
             Killed from afar by Sigmund (7 damage)
             ... with a puff of flame
             ... on level 2 of the Dungeon.
             The game lasted 00:03:30 (1895 turns).

removed the Conjurer (Demigod Venom Mage)           Turns: 1895, Time: 00:03:31

Health: 0/26       AC:  3    Str: 11    XL:     3   Next: 51%
Magic:  8/8        EV: 12    Int: 21    God:
Gold:   98         SH:  0    Dex: 16    Spells: 4/5 levels left

rFire    . . .     SeeInvis .   a - +1 short sword (flame)
rCold    . . .     Gourm    .   (no shield)
rNeg     . . .     Faith    .   h - +1 robe
rPois    .         Spirit   .   (no helmet)
rElec    .         Reflect  .   (no cloak)
rCorr    .         Harm     .   (no gloves)
MR       .....                  (no boots)
Stlth    ++........             (no amulet)
HPRegen  0.08/turn              (no ring)
MPRegen  0.11/turn              (no ring)

@: no status effects
A: high mp 1
a: no special abilities


You were on level 2 of the Dungeon.
You were hungry.

You visited 1 branch of the dungeon, and saw 2 of its levels.

You collected 98 gold pieces.

Inventory:

Hand Weapons
 a - a +1 short sword of flaming (weapon)
 e - a -2 spear
Armour
 h - a +1 robe (worn)
Scrolls
 d - 2 scrolls of identify
 g - a scroll of fog
 j - a scroll of teleportation
 k - 2 scrolls of amnesia
 o - a scroll of enchant armour
Potions
 l - a potion of heal wounds
 n - a potion of might
Books
 b - a Young Poisoner's Handbook

   Spells                             Type                      Level
   a - Sting                          Conjuration/Poison           1
   b - Poisonous Vapours              Poison/Air                   2
   c - Mephitic Cloud                 Conjuration/Poison/Air       3
   d - Olgreb's Toxic Radiance        Poison                       4
   e - Venom Bolt                     Conjuration/Poison           5
Comestibles
 c - 2 bread rations
 p - a meat ration
 q - 4 chunks of flesh


   Skills:
 - Level 1.7 Dodging
 - Level 1.7 Stealth
 - Level 1.7 Spellcasting
 + Level 3.1 Conjurations
 + Level 3.0 Poison Magic


You had 4 spell levels left.
You knew the following spells:

 Your Spells              Type           Power        Failure   Level  Hunger
a - Sting                 Conj/Pois      ##..         4%          1    #......


Dungeon Overview and Level Annotations

Branches:
Dungeon (2/15)

Annotations:
D:2 Sigmund


Innate Abilities, Weirdness & Mutations

You have an increased reservoir of magic. (+10% MP)


Message History

Confirm with . or Enter, or press ? or * to list all spells.
Aiming: Sting
Press: ? - help, Shift-Dir - straight line, f - Sigmund
Aim: Sigmund, wielding a scythe and wearing a robe The sting hits Sigmund.
Sigmund is poisoned.
Sigmund is lightly wounded.
Sigmund gestures at you while chanting. The magic dart hits you!
Sigmund looks more healthy.
Sigmund gestures at you while chanting. The puff of flame hits you!
* * * LOW HITPOINT WARNING * * *
Sigmund mumbles some strange words.
Sigmund flickers and vanishes!
Deactivating autopickup; reactivate with Ctrl-A.
There is an open door here.
You are feeling hungry.
A puff of flame appears from out of thin air!
The puff of flame hits you!
You die...

#....#.#####.#
##..##.# .# #..
#.###.#####.# #.# #.#
#{....#.# #.### .# #.#
#.###.#.# #.#.. .#
#'###.###.#.# #.#.# .#
#..##.......#
#.#.###.#
##...#####@.....#
#.#.##..# ####.@...##
###.##.#
#.......####.........#
..# #
.).......(.+.........+
...$
###.#)..####.........#
....# ###.##.##
##.......## .#..#
.......# ##.....##
....# .......##
##...## ........#
##รท## ........# #.#


There were no monsters in sight!

Vanquished Creatures
  An adder (D:2)
  A dart slug (D:1)
  A worm (D:2)
  2 leopard geckos (D:2)
  2 giant cockroaches (D:1)
  5 goblins
  8 hobgoblins
  A quokka (D:2)
  A ball python (D:1)
  5 bats
  3 frilled lizards (D:2)
  6 kobolds (D:1)
  6 rats
42 creatures vanquished.

Notes
Turn   | Place    | Note
-------+----------+-------------------------------------------
     0 | D:1      | removed the Demigod Venom Mage began the quest for the Orb.
     0 | D:1      | Reached XP level 1. HP: 14/14 MP: 5/5
    19 | D:1      | Reached skill level 1 in Conjurations
   297 | D:1      | Reached XP level 2. HP: 20/20 MP: 0/7
  1342 | D:2      | Reached XP level 3. HP: 26/26 MP: 0/8
  1868 | D:2      | Noticed Sigmund
  1895 | D:2      | Killed from afar by Sigmund

Vault maps used:
D:1:      erik_arrival_triangle_small, st_stairs_3, bh_walls_and_bars
D:2:      gammafunk_temple_overflow_elements, uniq_sigmund

Skill      XL: |  1  2  3 |
---------------+----------+-----
Conjurations   | 2 3 |  3.1
Poison Magic   | 3 |  3.0
Dodging        | |  1.7
Stealth        | |  1.7
Spellcasting   | |  1.7

Action                   || total
-------------------------++-------
Melee: Short sword       ||     3
 Cast: Sting             ||    98
  Use: Scroll            ||     8
  Eat: Chunk             ||     4
Armor: Robe              ||    11
Dodge: Dodged            ||    26

Table legend:
 A = Spawn XP
 B = Non-spawn XP
 C = Spawn XP percentage of total XP
 D = Spawn monster count
 E = Non-spawn monster count
 F = Spawn count percentage of total count
 G = Total turns spent on level
                    A         B        C        D         E        F      G
               +---------+---------+-------+---------+---------+-------+---------
         Total |       0 |      83 |   0.0 |       0 |      42 |   0.0 |  1895
               +---------+---------+-------+---------+---------+-------+---------
           D:1 |       0 |      41 |   0.0 |       0 |      25 |   0.0 |  1252
           D:2 |       0 |      42 |   0.0 |       0 |      17 |   0.0 |   643
               +---------+---------+-------+---------+---------+-------+---------
